 Dungeon Crawl Stone Soup version 0.28.0-47-ge53b351184 (webtiles) character file.

Game seed: 13963157371384882398

3668 101zpm the Grappler (level 10, -1/64 (76) HPs)
             Began as a Vine Stalker Berserker on Apr 28, 2022.
             Was a Priest of Trog.
             Slain by Duvessa
             ... wielding a +2 rapier of draining
              (4 damage)
             ... on level 6 of the Dungeon.
             The game lasted 00:18:31 (8725 turns).

101zpm the Grappler (Vine Stalker Berserker)        Turns: 8725, Time: 00:18:33

HP:   -1/64 (76)    AC:  2    Str: 24    XL:     10   Next: 12%
MP:   0/11          EV: 14    Int:  7    God:    Trog [***...]
Gold: 356           SH:  5    Dex: 14    Spells: 9/9 levels left

rFire   . . .      SeeInvis .   E - +5 short sword (freeze)
rCold   . . .      Faith    .   (no shield)
rNeg    . . .      Spirit   +   a - +0 animal skin
rPois   .          Reflect  +   (no helmet)
rElec   .          Harm     .   (no cloak)
rCorr   .          Rampage  .   (no gloves)
Will    +....                   (no boots)
Stlth   ..........              r - amulet of reflection
HPRegen 1.00/turn               (no ring)
MPRegen 0.12/turn               (no ring)

@: berserking, heavily drained, very quick
A: fangs 3, regeneration 1, magic shield, antimagic bite, no potion heal 2
a: Renounce Religion, Berserk, Trog's Hand


You were on level 6 of the Dungeon.
You worshipped Trog.
Trog was most pleased with you.
You visited 2 branches of the dungeon, and saw 10 of its levels.
You also visited: Sewer.

You collected 356 gold pieces.

Inventory:

Hand Weapons
 x - a +3 hunting sling of freezing
 E - a +5 short sword of freezing (weapon)
Missiles
 y - 12 sling bullets
Armour
 a - a +0 animal skin (worn)
 A - a +0 cloak
 C - a +1 robe of positive energy
Jewellery
 e - a ring of fire
 r - an amulet of reflection (around neck)
Wands
 i - a wand of iceblast (15) (quivered)
 B - a wand of acid (14)
Scrolls
 c - 2 scrolls of identify
 k - a scroll of holy word
 l - a scroll of brand weapon {unknown}
 m - 3 scrolls of noise {unknown}
 p - 2 scrolls of immolation {unknown}
 q - 4 scrolls of teleportation
 s - 3 scrolls of fear {unknown}
 t - 3 scrolls of enchant armour
 u - 2 scrolls of silence {unknown}
 v - 2 scrolls of summoning {unknown}
 w - a scroll of fog {unknown}
 D - a scroll of magic mapping {unknown}
 F - a scroll of vulnerability {unknown}
 G - a scroll of enchant weapon {unknown}
 H - a scroll of blinking {unknown}
Potions
 b - 3 potions of ambrosia {unknown}
 d - 5 potions of flight
 f - 3 potions of brilliance {unknown}
 g - 2 potions of heal wounds {unknown}
 h - a potion of attraction {unknown}
 j - 4 potions of curing {unknown}
 n - 2 potions of cancellation {unknown}
 o - a potion of haste {unknown}
 z - a potion of magic {unknown}


   Skills:
 + Level 5.1 Fighting
 + Level 1.1 Short Blades
 + Level 1.8 Armour
 + Level 5.3 Dodging
 + Level 5.9 Stealth
 + Level 1.8 Shields
 + Level 11.0 Unarmed Combat


You had 9 spell levels left.
You didn't know any spells.
Your spell library was empty.

Dungeon Overview and Level Annotations

Branches:
Dungeon (9/15)             Temple (1/1) D:5           Sewer (visited)
   Lair: D:8-11         Orc: D:9-12

Altars:
Cheibriados
Dithmenos
Elyvilon
Fedhas
Gozag
Hepliaklqana
Kikubaaqudgha
Makhleb
Nemelex Xobeh
Okawaru
Qazlal
Ru
Sif Muna
Trog
Uskayaw
Vehumet
Wu Jian
Xom
Yredelemnul
Zin
The Shining One

Annotations:
D:6 Duvessa
D:8 2 transporters, asishallab's ghost, novice DrGl


Innate Abilities, Weirdness & Mutations

You have razor-sharp teeth.
Your natural rate of healing is unusually fast.
When hurt, damage is shared between your health and your magic reserves.
Your bite disrupts and absorbs the magic of your enemies.
Potions cannot restore your health.


Message History

Duvessa closely misses you. Duvessa barely misses you.
Dowan points at you and mumbles some strange words.
The puff of flame misses you.
You hit Dowan. You freeze Dowan. Your punch misses Dowan.
Your bite misses Dowan.
Dowan is heavily wounded.
Duvessa misses you. Dowan closely misses you.
You hit Dowan. You freeze Dowan. You bite Dowan.
You kill Dowan!
Trog accepts your kill.
Trog appreciates your killing of a magic user.
Duvessa screams in rage.
Duvessa goes berserk!
Duvessa barely misses you.
A sky beast comes into view.
Duvessa hits you with a +2 rapier of draining!
You feel drained.
Your Unarmed Combat skill increases to level 11!
You barely miss Duvessa. You bite Duvessa. You drain her power.
You feel invigorated.
Duvessa is lightly wounded.
Duvessa barely misses you.
You hit Duvessa. You freeze Duvessa. Your punch misses Duvessa.
Duvessa is lightly wounded.
Duvessa hits you with a +2 rapier of draining!
You feel drained.
Duvessa hits you with a +2 rapier of draining!
You feel drained.
* * * LOW HITPOINT WARNING * * *
A red film seems to cover your vision as you go berserk!
You feel yourself moving faster!
You feel mighty!
Duvessa hits you with a +2 rapier of draining.
* * * LOW HITPOINT WARNING * * *
You feel drained.
You hit Duvessa. You freeze Duvessa. You bite Duvessa!! You drain her power.
You feel invigorated.
Duvessa is severely wounded.
Duvessa hits you with a +2 rapier of draining!!
* * * LOW HITPOINT WARNING * * *
You feel drained.
You die...

#....#.## #......
........####.......
...#....##.......#
......[..#...#..#
............##..########
.#................##.##.
......).................
......e@....<$..........
..../.Y......##.......##
........................
.....##..#.(......##....
.........#.......##.....
.....#............####..
.... #..............#...
... #..........##......
........... ..#...


You could see Duvessa (berserk, fast) and a sky beast.

Vanquished Creatures
  A two-headed ogre (D:7)
  Joseph (D:7)
  3 ice beasts
  A black bear (D:3)
  2 necrophages
  A centaur (D:8)
  4 ogres
  A phantom (D:4)
  A kobold brigand (D:7)
  A bullfrog (D:8)
  A gnoll sergeant (D:7)
  Dowan (D:6)
  2 howler monkeys (D:7)
  13 wights
  3 centaur zombies
  A bullfrog skeleton (D:5)
  5 hounds
  A jelly (D:4)
  An iguana (D:7)
  2 orc wizards
  A killer bee zombie (D:6)
  A hound skeleton (D:4)
  16 gnolls
  A howler monkey skeleton (D:7)
  9 adders
  6 river rats
  2 white imps
  An adder skeleton (D:4)
  3 worms
  3 dart slugs
  15 orcs
  6 endoplasms
  5 giant cockroaches
  4 goblins
  9 hobgoblins
  4 jackals (D:4)
  11 quokkas
  13 ball pythons
  6 bats
  10 frilled lizards
  5 kobolds
  5 rats
182 creatures vanquished.

Vanquished Creatures (others)
  6 plants (D:4)
6 creatures vanquished.

Grand Total: 188 creatures vanquished

Notes
Turn   | Place    | Note
-------+----------+-------------------------------------------
     0 | D:1      | 101zpm the Vine Stalker Berserker began the quest for the
                  | Orb.
     0 | D:1      | Reached XP level 1. HP: 11/11 MP: 2/2
   231 | D:1      | Reached XP level 2. HP: 12/16 MP: 1/3
   474 | D:1      | Reached XP level 3. HP: 12/20 MP: 2/4
  1292 | D:1      | HP: 1/20 [frilled lizard (1)]
  1734 | D:4      | Reached skill level 4 in Unarmed Combat
  1734 | D:4      | Gained mutation: Your natural rate of healing is unusually
                  | fast. [Vine Stalker growth]
  1734 | D:4      | Reached XP level 4. HP: 15/24 MP: 2/5
  1841 | D:4      | Noticed a black bear
  1851 | D:4      | Noticed an ogre
  1930 | D:3      | Found a faded altar of an unknown god.
  2000 | D:3      | Reached ** piety under Trog
  2264 | D:3      | Reached skill level 1 in Stealth
  2373 | D:3      | Reached XP level 5. HP: 28/28 MP: 6/6
  3266 | D:2      | Reached skill level 5 in Unarmed Combat
  3476 | D:3      | Killed a black bear
  3477 | D:3      | Reached XP level 6. HP: 28/32 MP: 7/7
  3607 | D:4      | Reached skill level 6 in Unarmed Combat
  3689 | D:4      | Reached XP level 7. HP: 35/36 MP: 6/8
  3939 | D:4      | Reached *** piety under Trog
  3940 | D:4      | Reached skill level 7 in Unarmed Combat
  4273 | D:5      | Entered Level 5 of the Dungeon
  4611 | D:5      | Found a staircase to the Ecumenical Temple.
  4617 | D:5      | Gained mutation: You have razor-sharp teeth. [Vine Stalker
                  | growth]
  4617 | D:5      | Reached XP level 8. HP: 42/42 MP: 9/9
  4816 | D:5      | Found a glowing drain.
  4820 | Sewer    | Entered a sewer
  5028 | Sewer    | HP: 2/63 [river rat (6)]
  5290 | Sewer    | Reached skill level 8 in Unarmed Combat
  6528 | D:7      | Noticed Joseph
  6537 | D:7      | Killed Joseph
  6538 | D:7      | Reached skill level 9 in Unarmed Combat
  6538 | D:7      | Reached XP level 9. HP: 46/46 MP: 8/10
  6626 | D:7      | Noticed a two-headed ogre
  6634 | D:7      | Killed a two-headed ogre
  6635 | D:7      | Reached skill level 1 in Shields
  6674 | D:8      | Reached skill level 5 in Stealth
  6674 | D:8      | Reached skill level 10 in Unarmed Combat
  6739 | D:8      | Found a transporter.
  6847 | D:8      | Noticed asishallab's ghost (novice DrGl)
  6938 | D:8      | Reached skill level 5 in Dodging
  6965 | D:8      | Reached skill level 5 in Fighting
  7401 | D:8      | Found a transporter.
  7758 | Temple   | Entered the Ecumenical Temple
  8044 | D:9      | Noticed a hornet
  8273 | D:7      | Reached XP level 10. HP: 50/51 MP: 9/11
  8304 | D:7      | You fall into a shaft and drop 1 floor!
  8438 | D:7      | Reached skill level 1 in Short Blades
  8713 | D:6      | Noticed Dowan
  8715 | D:6      | Noticed Duvessa
  8721 | D:6      | Killed Dowan
  8722 | D:6      | Reached skill level 11 in Unarmed Combat
  8725 | D:6      | HP: 3/67 [Duvessa/+2 rapier of draining (16)]
  8725 | D:6      | Slain by Duvessa

Illustrated notes

Levels and vault maps discovered:
D:1:      dpeg_arrival_connections, layout_basic
D:2:      layout_loops_corners
D:3:      minmay_chambers_of_twos, layout_basic,
          chequers_ecumenical_altar_twisty
D:4:      layout_loops_cross, serial_forest, infiniplex_forest_3_way,
          infiniplex_forest_lined_2, infiniplex_forest_clump_tiny,
          infiniplex_forest_clump_diagonal, infiniplex_forest_lined_room_3,
          infiniplex_forest_lined_3, infiniplex_forest_corner_2,
          infiniplex_forest_join, infiniplex_forest_straight_2
D:5:      layout_basic, minmay_temple_entry_wispy, gup_sewer_entry_spiral,
          chequers_serial_rivers_small_a
D:6:      layout_cave_pools, uniq_crazy_yiuf_cottage, uniq_duvessa
D:7:      layout_loops_ring, uniq_joseph
D:8:      layout_basic, gammafunk_ghost_stat_death
D:9:      layout_cave_pools, serial_shops, kennysheep_little_box,
          minmay_unpleasant_kobolds
Temple:   mainiacjoe_temple_archimedes_tessellation

Skill      XL: |  1  2  3  4  5  6  7  8  9 10 |
---------------+-------------------------------+-----
Fighting       | 3 4 5 |  5.1
Dodging        | 2 3 4 5 |  5.3
Unarmed Combat | 4 5 6 7 9 10 11 | 11.0
Stealth        | 1 2 3 4 5 |  5.9
Shields        | 1 |  1.8
Short Blades   | 1 |  1.1
Armour         | |  1.8

Action                   |  1- 3 |  4- 6 |  7- 9 | 10-12 || total
-------------------------+-------+-------+-------+-------++-------
Melee: Unarmed           |    82 |   106 |   294 |       ||   482
       Bite              |    25 |    29 |    68 |    16 ||   138
       Punch             |       |     3 |    17 |     3 ||    23
       Short sword       |       |       |    13 |    32 ||    45
Invok: Berserk           |       |     3 |     9 |     1 ||    13
       Trog's Hand       |       |       |     6 |       ||     6
  Use: Scroll            |       |       |     3 |       ||     3
       Potion            |       |       |     2 |       ||     2
 Stab: Sleeping          |       |     3 |     6 |       ||     9
       Distracted        |       |       |     1 |       ||     1
Armor: Animal skin       |    14 |    11 |    31 |     3 ||    59
Dodge: Dodged            |    45 |    57 |   182 |    20 ||   304
Block: Other             |       |       |    22 |     8 ||    30
       Reflection        |       |       |     1 |       ||     1
